| TOP OF THE 1ST |
|
Chicago (NYP) White Sox batting - Pitching for Idaho Falls Chukars : RHP Kevin Tumbleson
|
|
Pitching: RHP Kevin Tumbleson
|
|
|
Batting: RHB Russ Cornett
|
0-0: Ball 1-0: Ball 2-0: Ball 3-0: Called Strike 3-1: Called Strike 3-2: Foul Ball, location: 2F 3-2: Strikes out looking
|
|
Batting: LHB James Groshong
|
0-0: Ball 1-0: Ball 2-0: Ball 3-0: Base on Balls
|
|
Batting: LHB Joe Kirkland
|
0-0: Ball 1-0: Called Strike 1-1: Ball 2-1: Foul Ball, location: 2F 2-2: Foul Ball, location: 2F 2-2: Foul Ball, location: 2F 2-2: Foul Ball, location: 2F 2-2: Foul Ball, location: 2F 2-2: Foul Ball, location: 2F 2-2: SINGLE (Line Drive, 7S, EV 100.6 MPH) James Groshong to second
|
|
Batting: RHB Will Washburn
|
0-0: Fly out, F7 (Flyball, 78D, EV 103.8 MPH) Throwing error, E7 James Groshong scores Joe Kirkland to second
|
|
Batting: RHB Adan Lake
|
0-0: Ball 1-0: Ball 2-0: Ball 3-0: Base on Balls
|
|
Batting: SHB Curtis Thompson
|
0-0: Ball 1-0: Called Strike 1-1: SINGLE (Groundball, 6MD, EV 101.2 MPH) Joe Kirkland to third Adan Lake to second Runner from 3rd tries for Home, throw by CF and OUT! 8-2
|
| Top of the 1st over - 1 run, 2 hits, 1 error, 2 left on base; Chicago (NYP) 1 - Idaho Falls 0 |
| BOTTOM OF THE 1ST |
|
Idaho Falls Chukars batting - Pitching for Chicago (NYP) White Sox : LHP Sean Cerna
|
|
Pitching: LHP Sean Cerna
|
|
|
Batting: RHB Tim Persson
|
0-0: Fly out, F9 (Flyball, 9LS, EV 90.0 MPH)
|
|
Batting: RHB Kevin Wimberly
|
0-0: Ball 1-0: Ball 2-0: Foul Ball, location: 2F 2-1: Called Strike 2-2: Ball 3-2: Strikes out swinging
|
|
Batting: RHB Edwin Ramos
|
0-0: Ball 1-0: Called Strike 1-1: Ball 2-1: Fly out, F8 (Flyball, 8LM, EV 85.6 MPH)
|
| Bottom of the 1st over - 0 runs, 0 hits, 0 errors, 0 left on base; Chicago (NYP) 1 - Idaho Falls 0 |
| TOP OF THE 2ND |
|
Chicago (NYP) White Sox batting - Pitching for Idaho Falls Chukars : RHP Kevin Tumbleson
|
|
Batting: RHB Armando Vazquez
|
0-0: Called Strike 0-1: Ball 1-1: Ground out 5-3 (Groundball, 15, EV 81.9 MPH)
|
|
Batting: RHB Alex Belton
|
0-0: Ball 1-0: Ground out 1-3 (Groundball, 34S, EV 68.8 MPH)
|
|
Batting: RHB Ray Souza
|
0-0: Foul Ball, location: 2F 0-1: Ball 1-1: Ground out 6-3 (Groundball, 6, EV 81.9 MPH)
|
| Top of the 2nd over - 0 runs, 0 hits, 0 errors, 0 left on base; Chicago (NYP) 1 - Idaho Falls 0 |
| BOTTOM OF THE 2ND |
|
Idaho Falls Chukars batting - Pitching for Chicago (NYP) White Sox : LHP Sean Cerna
|
|
Batting: RHB Chad Sullivan
|
0-0: Called Strike 0-1: Ball 1-1: Swinging Strike 1-2: Foul Ball, location: 2F 1-2: Strikes out swinging
|
|
Batting: LHB Joe Cozart
|
0-0: Ground out 3-1 (Groundball, 34, EV 103.8 MPH)
|
|
Batting: RHB Chance Argy
|
0-0: Ball 1-0: DOUBLE (Line Drive, 78D, EV 105.0 MPH)
|
|
Batting: RHB Justin Goff
|
0-0: Ball 1-0: Swinging Strike 1-1: Foul Ball, location: 2F 1-2: Ground out 4-3 (Groundball, 4, EV 90.0 MPH)
|
| Bottom of the 2nd over - 0 runs, 1 hit, 0 errors, 1 left on base; Chicago (NYP) 1 - Idaho Falls 0 |
| TOP OF THE 3RD |
|
Chicago (NYP) White Sox batting - Pitching for Idaho Falls Chukars : RHP Kevin Tumbleson
|
|
Batting: RHB Russ Cornett
|
0-0: Called Strike 0-1: Foul Ball, location: 2F 0-2: Foul Ball, location: 2F 0-2: Ball 1-2: Ball 2-2: Foul Ball, location: 2F 2-2: Ball 3-2: Base on Balls
|
|
Batting: LHB James Groshong
|
0-0: Ball 1-0: Foul Ball, location: 2F 1-1: Called Strike 1-2: Ball 2-2: Foul Ball, location: 2F 2-2: Foul Ball, location: 2F 2-2: Ball 3-2: Grounds into double play, 6-4-3 (Groundball, 6, EV 86.2 MPH)
|
|
Batting: LHB Joe Kirkland
|
0-0: Called Strike 0-1: Ball 1-1: Ball 2-1: Foul Ball, location: 2F 2-2: Ground out 4-3 (Groundball, 34, EV 85.6 MPH)
|
| Top of the 3rd over - 0 runs, 0 hits, 0 errors, 0 left on base; Chicago (NYP) 1 - Idaho Falls 0 |
| BOTTOM OF THE 3RD |
|
Idaho Falls Chukars batting - Pitching for Chicago (NYP) White Sox : LHP Sean Cerna
|
|
Batting: LHB Randy Stapleton
|
0-0: Ground out 4-3 (Groundball, 4, EV 91.9 MPH)
|
|
Batting: LHB Danny Pacheco
|
0-0: Ground out 6-3 (Groundball, 6, EV 110.0 MPH)
|
|
Batting: RHB Tim Persson
|
0-0: Called Strike 0-1: Ball 1-1: Ball 2-1: Foul Ball, location: 2F 2-2: Ball 3-2: Base on Balls
|
|
Batting: RHB Kevin Wimberly
|
0-0: Ball 1-0: Called Strike 1-1: Called Strike 1-2: Strikes out looking
|
| Bottom of the 3rd over - 0 runs, 0 hits, 0 errors, 1 left on base; Chicago (NYP) 1 - Idaho Falls 0 |
| TOP OF THE 4TH |
|
Chicago (NYP) White Sox batting - Pitching for Idaho Falls Chukars : RHP Kevin Tumbleson
|
|
Batting: RHB Will Washburn
|
0-0: Called Strike 0-1: Foul Ball, location: 2F 0-2: Strikes out swinging
|
|
Batting: RHB Adan Lake
|
0-0: Called Strike 0-1: Ball 1-1: Ball 2-1: Foul Ball, location: 2F 2-2: Ball 3-2: Base on Balls
|
|
Batting: SHB Curtis Thompson
|
0-0: Called Strike 0-1: Ball 1-1: Ball 2-1: Called Strike 2-2: Ball 3-2: Fielders Choice at 2nd, 6-4 (Groundball, 6, EV 83.1 MPH)
|
|
Batting: RHB Armando Vazquez
|
0-0: Swinging Strike 0-1: Called Strike 0-2: Strikes out looking
|
| Top of the 4th over - 0 runs, 0 hits, 0 errors, 1 left on base; Chicago (NYP) 1 - Idaho Falls 0 |
| BOTTOM OF THE 4TH |
|
Idaho Falls Chukars batting - Pitching for Chicago (NYP) White Sox : LHP Sean Cerna
|
|
Batting: RHB Edwin Ramos
|
0-0: Ball 1-0: Swinging Strike 1-1: Called Strike 1-2: Fly out, F8 (Flyball, 89S, EV 98.1 MPH)
|
|
Batting: RHB Chad Sullivan
|
0-0: SINGLE (Line Drive, 8LS, EV 96.2 MPH)
|
|
Batting: LHB Joe Cozart
|
0-0: Foul Ball, location: 2F 0-1: Grounds into double play, 1-6-3 (Groundball, 34S, EV 69.4 MPH)
|
| Bottom of the 4th over - 0 runs, 1 hit, 0 errors, 0 left on base; Chicago (NYP) 1 - Idaho Falls 0 |
| TOP OF THE 5TH |
|
Chicago (NYP) White Sox batting - Pitching for Idaho Falls Chukars : RHP Kevin Tumbleson
|
|
Pitching: RHP Tony Jimenez
|
|
|
Batting: RHB Alex Belton
|
0-0: Called Strike 0-1: Ball 1-1: Ball 2-1: SINGLE (Groundball, 56S, EV 66.9 MPH) (infield hit)
|
|
Batting: RHB Ray Souza
|
0-0: Ball 1-0: Ball 2-0: Foul Ball, location: 2F 2-1: SINGLE (Groundball, 4D, EV 100.0 MPH) Alex Belton to second Runner from 2nd tries for 3rd, OUT! 9-5
|
|
Batting: RHB Russ Cornett
|
0-0: Ball 1-0: Ball 2-0: Called Strike 2-1: Swinging Strike 2-2: Strikes out swinging
|
|
Batting: LHB James Groshong
|
0-0: Ball 1-0: Ball 2-0: Swinging Strike 2-1: Ball 3-1: Foul Ball, location: 2F 3-2: Base on Balls Ray Souza to second
|
|
Batting: LHB Joe Kirkland
|
0-0: Called Strike 0-1: Ball 1-1: Ball 2-1: Foul Ball, location: 2F 2-2: Ball 3-2: DOUBLE (Flyball, 8RXD, EV 93.1 MPH) Ray Souza scores James Groshong to third James Groshong scores
|
|
Batting: RHB Will Washburn
|
0-0: Ball 1-0: Swinging Strike 1-1: Foul Ball, location: 2F 1-2: Ball Passed Ball! Joe Kirkland to third 2-2: Foul Ball, location: 2F 2-2: Strikes out swinging
|
| Top of the 5th over - 2 runs, 3 hits, 0 errors, 1 left on base; Chicago (NYP) 3 - Idaho Falls 0 |
| BOTTOM OF THE 5TH |
|
Idaho Falls Chukars batting - Pitching for Chicago (NYP) White Sox : LHP Sean Cerna
|
|
Batting: RHB Chance Argy
|
0-0: DOUBLE (Groundball, 3L, EV 100.6 MPH)
|
|
Batting: RHB Justin Goff
|
0-0: Called Strike 0-1: Ball 1-1: Fly out, F3 (Popup, 23F, EV 90.6 MPH)
|
|
Batting: LHB Randy Stapleton
|
0-0: Ground out 5-3 (Groundball, 5, EV 85.0 MPH)
|
|
Batting: LHB Danny Pacheco
|
0-0: Ball 1-0: Ball 2-0: Called Strike 2-1: Foul Ball, location: 2F 2-2: Ball 3-2: Foul Ball, location: 2F 3-2: Foul Ball, location: 2F 3-2: Strikes out looking
|
| Bottom of the 5th over - 0 runs, 1 hit, 0 errors, 1 left on base; Chicago (NYP) 3 - Idaho Falls 0 |
| TOP OF THE 6TH |
|
Chicago (NYP) White Sox batting - Pitching for Idaho Falls Chukars : RHP Tony Jimenez
|
|
Batting: RHB Adan Lake
|
0-0: Ground out 5-3 (Groundball, 56, EV 88.1 MPH)
|
|
Batting: SHB Curtis Thompson
|
0-0: Ball 1-0: Foul Ball, location: 2F 1-1: Swinging Strike 1-2: Ball 2-2: Fly out, F7 (Flyball, 7D, EV 99.4 MPH)
|
|
Batting: RHB Armando Vazquez
|
0-0: Called Strike 0-1: Ball 1-1: Swinging Strike 1-2: Strikes out swinging, 2-3 out at first.
|
| Top of the 6th over - 0 runs, 0 hits, 0 errors, 0 left on base; Chicago (NYP) 3 - Idaho Falls 0 |
| BOTTOM OF THE 6TH |
|
Idaho Falls Chukars batting - Pitching for Chicago (NYP) White Sox : LHP Sean Cerna
|
|
Batting: RHB Tim Persson
|
0-0: Ball 1-0: Ball 2-0: Ball 3-0: Called Strike 3-1: Called Strike 3-2: Strikes out swinging
|
|
Batting: RHB Kevin Wimberly
|
0-0: Called Strike 0-1: Ball 1-1: Called Strike 1-2: Strikes out swinging
|
|
Batting: RHB Edwin Ramos
|
0-0: Called Strike 0-1: Ball 1-1: Ball 2-1: Swinging Strike 2-2: Fly out, F5 (Popup, 5SF, EV 73.8 MPH)
|
| Bottom of the 6th over - 0 runs, 0 hits, 0 errors, 0 left on base; Chicago (NYP) 3 - Idaho Falls 0 |
| TOP OF THE 7TH |
|
Chicago (NYP) White Sox batting - Pitching for Idaho Falls Chukars : RHP Tony Jimenez
|
|
Batting: RHB Alex Belton
|
0-0: Ball 1-0: Ball 2-0: Foul Ball, location: 2F 2-1: Swinging Strike 2-2: Foul Ball, location: 2F 2-2: Strikes out swinging
|
|
Batting: RHB Ray Souza
|
0-0: Called Strike 0-1: Ball 1-1: Ball 2-1: Swinging Strike 2-2: Ball 3-2: Ground out 4-3 (Groundball, 4, EV 93.1 MPH)
|
|
Batting: RHB Russ Cornett
|
0-0: Ball 1-0: Ball 2-0: Foul Ball, location: 2F 2-1: Ball 3-1: Foul Ball, location: 2F 3-2: Base on Balls
|
|
Pitching: RHP Bryan Kiefer
|
|
|
Batting: LHB James Groshong
|
0-0: Ball Wild Pitch! Russ Cornett to second 1-0: Called Strike 1-1: Ball 2-1: Foul Ball, location: 2F 2-2: Foul Ball, location: 2F 2-2: SINGLE (Groundball, 4MD, EV 96.9 MPH) Russ Cornett to third Runner from 3rd tries for Home, SAFE, throw by CF to home James Groshong to second
|
|
Batting: LHB Joe Kirkland
|
0-0: Ball 1-0: Foul Ball, location: 2F 1-1: Foul Ball, location: 2F 1-2: Ball 2-2: Ball 3-2: Ground out 5-3 (Groundball, 56S, EV 69.4 MPH)
|
| Top of the 7th over - 1 run, 1 hit, 0 errors, 1 left on base; Chicago (NYP) 4 - Idaho Falls 0 |
| BOTTOM OF THE 7TH |
|
Idaho Falls Chukars batting - Pitching for Chicago (NYP) White Sox : LHP Sean Cerna
|
|
Batting: RHB Chad Sullivan
|
0-0: Ball 1-0: Called Strike 1-1: Ball 2-1: Swinging Strike 2-2: Ball 3-2: Ground out 6-3 (Groundball, 4M, EV 90.0 MPH)
|
|
Batting: LHB Joe Cozart
|
0-0: Foul Ball, location: 2F 0-1: Ball 1-1: Called Strike 1-2: Strikes out swinging
|
|
Batting: RHB Chance Argy
|
0-0: Ground out U3 (Groundball, 34S, EV 64.4 MPH)
|
| Bottom of the 7th over - 0 runs, 0 hits, 0 errors, 0 left on base; Chicago (NYP) 4 - Idaho Falls 0 |
| TOP OF THE 8TH |
|
Chicago (NYP) White Sox batting - Pitching for Idaho Falls Chukars : RHP Bryan Kiefer
|
|
Batting: RHB Will Washburn
|
0-0: Ball 1-0: Called Strike 1-1: Swinging Strike 1-2: Ground out U3 (Groundball, 3L, EV 93.1 MPH)
|
|
Batting: RHB Adan Lake
|
0-0: Swinging Strike 0-1: Ball 1-1: Called Strike 1-2: Ground out 5-3 (Groundball, 56, EV 102.5 MPH)
|
|
Batting: SHB Curtis Thompson
|
0-0: Ball 1-0: Fly out, F5 (Popup, 5SF, EV 70.0 MPH)
|
| Top of the 8th over - 0 runs, 0 hits, 0 errors, 0 left on base; Chicago (NYP) 4 - Idaho Falls 0 |
| BOTTOM OF THE 8TH |
|
Idaho Falls Chukars batting - Pitching for Chicago (NYP) White Sox : LHP Sean Cerna
|
|
Batting: RHB Justin Goff
|
0-0: Ball 1-0: Ball 2-0: Fly out, F9 (Line Drive, 9, EV 101.2 MPH)
|
|
Batting: LHB Randy Stapleton
|
0-0: Ball 1-0: Ball 2-0: Called Strike 2-1: Ball 3-1: Foul Ball, location: 2F 3-2: SINGLE (Groundball, 6MS, EV 66.9 MPH) (infield hit)
|
|
Batting: LHB Danny Pacheco
|
0-0: Ball 1-0: Ball 2-0: Called Strike 2-1: Ball 3-1: Foul Ball, location: 2F 3-2: Grounds into double play, U6-3 (Groundball, 4M, EV 90.0 MPH)
|
| Bottom of the 8th over - 0 runs, 1 hit, 0 errors, 0 left on base; Chicago (NYP) 4 - Idaho Falls 0 |
| TOP OF THE 9TH |
|
Chicago (NYP) White Sox batting - Pitching for Idaho Falls Chukars : RHP Bryan Kiefer
|
|
Batting: RHB Armando Vazquez
|
0-0: Ball 1-0: Swinging Strike 1-1: Foul Ball, location: 2F 1-2: Fly out, F8 (Flyball, 8LS, EV 88.8 MPH)
|
|
Batting: RHB Alex Belton
|
0-0: Ground out 4-3 (Groundball, 4M, EV 88.8 MPH)
|
|
Batting: RHB Ray Souza
|
0-0: Ball 1-0: Ground out 4-3 (Groundball, 4, EV 81.2 MPH)
|
| Top of the 9th over - 0 runs, 0 hits, 0 errors, 0 left on base; Chicago (NYP) 4 - Idaho Falls 0 |
| BOTTOM OF THE 9TH |
|
Idaho Falls Chukars batting - Pitching for Chicago (NYP) White Sox : LHP Sean Cerna
|
|
Pitching: RHP Toyotoshi Matsui
|
|
|
Batting: RHB Tim Persson
|
0-0: Ball 1-0: Ball 2-0: Called Strike 2-1: Called Strike 2-2: Fly out, F4 (Popup, 4M, EV 56.2 MPH)
|
|
Batting: RHB Kevin Wimberly
|
0-0: Ball 1-0: Called Strike 1-1: Ball 2-1: Foul Ball, location: 2F 2-2: Foul Ball, location: 2F 2-2: Ball 3-2: Base on Balls
|
|
Batting: RHB Edwin Ramos
|
0-0: Called Strike 0-1: Called Strike 0-2: Ball 1-2: Strikes out swinging
|
|
Batting: RHB Chad Sullivan
|
0-0: Foul Ball, location: 2F 0-1: Swinging Strike 0-2: Foul Ball, location: 2F 0-2: SINGLE (Groundball, 4D, EV 100.6 MPH) Kevin Wimberly to second
|
|
Batting: LHB Joe Cozart
|
0-0: Ball 1-0: Called Strike 1-1: Called Strike 1-2: Fly out, F4 (Line Drive, 4, EV 64.4 MPH)
|
| Bottom of the 9th over - 0 runs, 1 hit, 0 errors, 2 left on base; Chicago (NYP) 4 - Idaho Falls 0 |
|